 Dungeon Crawl Stone Soup version 0.29-a0-648-g6b26cc9f40 (webtiles) character file.

Game seed: 4396104691562233103

268 croobank the Covert (level 6, -2/53 HPs)
             Began as a Gnoll Delver on June 21, 2022.
             Slain by an iguana (8 damage)
             ... on level 5 of the Dungeon.
             The game lasted 00:12:14 (4134 turns).

croobank the Covert (Gnoll Delver)                  Turns: 4134, Time: 00:12:15

Health: -2/53      AC:  4    Str: 11    XL:     6   Next: 21%
Magic:  8/8        EV: 13    Int: 11    God:
Gold:   187        SH:  0    Dex: 14    Spells: 5/8 levels left

rFire   . . .      SeeInvis .   a - +0 hand axe
rCold   . . .      Faith    .   (no shield)
rNeg    . . .      Spirit   .   b - +0 leather armour
rPois   .          Reflect  .   (no helmet)
rElec   .          Harm     .   (no cloak)
rCorr   .          Rampage  .   (no gloves)
Will    .....                   l - +0 pair of boots
Stlth   ++++......              (no amulet)
HPRegen 0.17/turn               u - ring of wizardry
MPRegen 0.11/turn               (no ring)

@: no status effects
A: fangs 1, strong nose, distributed training
a: no special abilities


You were on level 5 of the Dungeon.
You visited 1 branch of the dungeon, and saw 5 of its levels.

You collected 187 gold pieces.

Inventory:

Hand Weapons
 a - a +0 hand axe (weapon)
 h - a +1 dagger of protection
 w - a +0 long sword
Missiles
 k - 6 javelins (quivered)
 q - 48 stones
 s - 3 boomerangs
 x - 6 poisoned darts
Armour
 b - a +0 leather armour (worn)
 i - a +0 crystal plate armour
 l - a +0 pair of boots (worn)
 o - a +0 ring mail
Jewellery
 p - an amulet of faith
 u - a ring of wizardry (left hand)
Wands
 f - a wand of polymorph (6)
 g - a wand of digging (3)
Scrolls
 c - 2 scrolls of fog
 d - 2 scrolls of magic mapping
 e - a scroll of fear
 m - a scroll of torment {unknown}
 n - a scroll of brand weapon {unknown}
 t - a scroll of amnesia
Potions
 j - a potion of resistance
 r - 4 potions of brilliance
 v - a potion of heal wounds {unknown}


   Skills:
 + Level 6.8 Fighting
 + Level 1.8 Short Blades
 + Level 1.8 Long Blades
 + Level 4.9 Axes
 + Level 1.8 Maces & Flails
 + Level 1.8 Polearms
 + Level 1.8 Staves
 + Level 1.8 Slings
 + Level 1.8 Bows
 + Level 1.8 Crossbows
 + Level 1.8 Throwing
 + Level 1.8 Armour
 + Level 4.9 Dodging
 + Level 9.7 Stealth
 + Level 1.8 Shields
 + Level 1.8 Unarmed Combat
 + Level 1.8 Spellcasting
 + Level 1.4 Conjurations
 + Level 1.4 Hexes
 + Level 1.4 Summonings
 + Level 1.4 Necromancy
 + Level 1.4 Translocations
 + Level 1.4 Transmutations
 + Level 1.4 Fire Magic
 + Level 1.4 Ice Magic
 + Level 1.4 Air Magic
 + Level 1.4 Earth Magic
 + Level 1.4 Poison Magic
 + Level 2.0 Invocations
 + Level 1.8 Evocations


You had 5 spell levels left.
You knew the following spells:

 Your Spells              Type           Power      Damage    Failure   Level
a - Frozen Ramparts       Ice            8%         1d2       26%         3

Your spell library contained the following spells:

 Spells                   Type           Power      Damage    Failure   Level
 Freeze                   Ice            16%        1d4       9%          1
 Hailstorm                Conj/Ice       4%         3d4       61%         4


Dungeon Overview and Level Annotations

Branches:
Dungeon (5/15)
 Temple: D:4-7

Altars:
Fedhas
Hepliaklqana
Xom
The Shining One

Annotations:
D:5 Prince Ribbit


Innate Abilities, Weirdness & Mutations

You have very sharp teeth.
Your uncanny sense of smell can sniff out nearby items.
Your experience applies equally to all skills.


Message History

You completely miss the iguana. The iguana bites you!
You hit the iguana.
The iguana is lightly wounded.
The iguana closely misses you.
You hit the iguana.
The iguana is heavily wounded.
The iguana barely misses you.
You barely miss the iguana.
The iguana is heavily wounded.
The iguana bites you.
You hit the iguana but do no damage.
The iguana is heavily wounded.
The iguana bites you. The iguana closely misses you.
You barely miss the iguana.
The iguana is heavily wounded.
The iguana bites you.
You completely miss the iguana.
The iguana is heavily wounded.
The iguana bites you.
You hit the iguana.
The iguana is heavily wounded.
The iguana bites you!
You hit the iguana but do no damage. You bite the iguana, but do no damage.
The iguana is heavily wounded.
The iguana misses you.
You hit the iguana. Your punch misses the iguana.
The iguana is heavily wounded.
The iguana bites you!
* * * LOW HITPOINT WARNING * * *
You closely miss the iguana.
The iguana is heavily wounded.
The iguana bites you.
* * * LOW HITPOINT WARNING * * *
You hit the iguana.
The iguana is severely wounded.
The iguana barely misses you.
You barely miss the iguana.
The iguana is severely wounded.
The iguana bites you!
You die...

.. # F...... ... ##.
.......
...########.#.####......
.......... ......#......
PPP.P....####.##.#......
....P...................
..P.P.l..#..#..#........
.P.P.#@##.....#........
..P?P...................
....P..####.....>.######


PPP.P.. #.......# ......# ##<####.# ...### #...##.# #.# #.#.##.# #. #.#.##.# #
#......###### You could see an iguana.

Vanquished Creatures
  A phantom (D:4)
  A bullfrog (D:4)
  A hound (D:4)
  4 adders
  A dart slug (D:4)
  A ball python (D:4)
  4 bats
  4 endoplasms
  6 giant cockroaches
  8 goblins
  2 hobgoblins
  9 kobolds
  4 quokkas
  8 frilled lizards
  4 rats
58 creatures vanquished.

Notes
Turn   | Place    | Note
-------+----------+-------------------------------------------
     0 | D:5      | Reached skill level 9 in Stealth
     0 | D:5      | croobank the Gnoll Delver began the quest for the Orb.
     0 | D:5      | Reached XP level 1. HP: 23/23 MP: 1/1
     2 | D:5      | Noticed Prince Ribbit
    12 | D:5      | Noticed an iguana
   110 | D:4      | Reached XP level 2. HP: 26/29 MP: 2/2
   186 | D:4      | Noticed a phantom
   523 | D:1      | Reached XP level 3. HP: 18/35 MP: 3/3
  1032 | D:1      | Reached skill level 1 in Invocations
  1448 | D:2      | Reached skill level 1 in Short Blades
  1448 | D:2      | Reached skill level 1 in Long Blades
  1448 | D:2      | Reached skill level 1 in Maces & Flails
  1448 | D:2      | Reached skill level 1 in Polearms
  1448 | D:2      | Reached skill level 1 in Staves
  1448 | D:2      | Reached skill level 1 in Slings
  1448 | D:2      | Reached skill level 1 in Bows
  1448 | D:2      | Reached skill level 1 in Crossbows
  1448 | D:2      | Reached skill level 1 in Throwing
  1448 | D:2      | Reached skill level 1 in Armour
  1448 | D:2      | Reached skill level 1 in Shields
  1448 | D:2      | Reached skill level 1 in Unarmed Combat
  1448 | D:2      | Reached skill level 1 in Spellcasting
  1448 | D:2      | Reached skill level 1 in Evocations
  1484 | D:2      | Reached XP level 4. HP: 41/41 MP: 5/5
  2176 | D:3      | Found a hazy altar of Hepliaklqana.
  2177 | D:3      | Found a shimmering altar of Xom.
  2178 | D:3      | Noticed a spectral ugly thing
  2316 | D:3      | Found a blossoming altar of Fedhas.
  2456 | D:3      | Reached skill level 1 in Conjurations
  2456 | D:3      | Reached skill level 1 in Hexes
  2456 | D:3      | Reached skill level 1 in Summonings
  2456 | D:3      | Reached skill level 1 in Necromancy
  2456 | D:3      | Reached skill level 1 in Translocations
  2456 | D:3      | Reached skill level 1 in Transmutations
  2456 | D:3      | Reached skill level 1 in Fire Magic
  2456 | D:3      | Reached skill level 1 in Ice Magic
  2456 | D:3      | Reached skill level 1 in Air Magic
  2456 | D:3      | Reached skill level 1 in Earth Magic
  2456 | D:3      | Reached skill level 1 in Poison Magic
  2605 | D:3      | Learned a level 3 spell: Frozen Ramparts
  2905 | D:4      | Noticed a bullfrog
  3275 | D:4      | Killed a bullfrog
  3276 | D:4      | Reached XP level 5. HP: 47/47 MP: 5/7
  3419 | D:4      | Killed a phantom
  3420 | D:4      | Reached XP level 6. HP: 6/53 MP: 8/8
  4053 | D:4      | Found a glowing golden altar of the Shining One.
  4134 | D:5      | Slain by an iguana

Illustrated notes

Levels and vault maps discovered:
D:1:      minmay_arrival_cross, layout_basic, serial_corexii_hall,
          corexii_hall_statues_i, corexii_hall_statues_i, minmay_lizard_pond
D:2:      layout_basic
D:3:      layout_loops_ring, regret_index_temple_of_mockery, lemuel_round_altar
D:4:      layout_cave_pools, nicolae_tso_swordbearing_angel, kennysheep_nub,
          minivault_4
D:5:      layout_loops_cross, mainiacjoe_overflow_concentric_impassable,
          mainiacjoe_overflow_cross_hatched, uniq_pikel, uniq_prince_ribbit1

Skill      XL: |  1  2  3  4  5 |
---------------+----------------+-----
Stealth        | |  9.7
Invocations    | 1 2 |  2.0
Short Blades   | 1 |  1.8
Long Blades    | 1 |  1.8
Maces & Flails | 1 |  1.8
Polearms       | 1 |  1.8
Staves         | 1 |  1.8
Slings         | 1 |  1.8
Bows           | 1 |  1.8
Crossbows      | 1 |  1.8
Throwing       | 1 |  1.8
Armour         | 1 |  1.8
Shields        | 1 |  1.8
Unarmed Combat | 1 |  1.8
Spellcasting   | 1 |  1.8
Evocations     | 1 |  1.8
Conjurations   | 1 |  1.4
Hexes          | 1 |  1.4
Summonings     | 1 |  1.4
Necromancy     | 1 |  1.4
Translocations | 1 |  1.4
Transmutations | 1 |  1.4
Fire Magic     | 1 |  1.4
Ice Magic      | 1 |  1.4
Air Magic      | 1 |  1.4
Earth Magic    | 1 |  1.4
Poison Magic   | 1 |  1.4
Fighting       | |  6.8
Axes           | |  4.9
Dodging        | |  4.9

Action                   |  1- 3 |  4- 6 || total
-------------------------+-------+-------++-------
Melee: Dagger            |    86 |     8 ||    94
       Hand axe          |    18 |   138 ||   156
       Bite              |     7 |    20 ||    27
       Punch             |       |     1 ||     1
Throw: Javelin           |       |     1 ||     1
 Cast: Frozen Ramparts   |       |     1 ||     1
  Use: Scroll            |       |     9 ||     9
       Potion            |       |     3 ||     3
 Stab: Sleeping          |    12 |     7 ||    19
Armor: Leather armour    |    47 |    23 ||    70
       Skin              |       |    13 ||    13
Dodge: Dodged            |    85 |    96 ||   181

Table legend: (Time is in decaauts)
 A = Elapsed time spent in this place.
 B = Non-inter-level travel time spent in this place.
 C = Inter-level travel time spent in this place.
 D = Time resting spent in this place.
 E = Time spent auto-exploring this place.
 F = Levels seen in this place.
 G = Mean time per level.
                   A        B        C        D        E       F      G
               +--------+--------+--------+--------+--------+-----+--------+
         Total |   4122 |   3942 |    180 |   1065 |   1839 |   5 |  824.4 |
       Dungeon |   4122 |   3942 |    180 |   1065 |   1839 |   5 |  824.4 |
               +--------+--------+--------+--------+--------+-----+--------+

Top non-repeatable levels by time:
     D:3: 1115 daAuts
     D:4: 1095 daAuts
     D:1: 947 daAuts
     D:2: 876 daAuts
     D:5: 87 daAuts
